 Dungeon Crawl Stone Soup version 0.26.0-20-g3ca415f5b8 (webtiles) character file.

Game seed: 3476012506360817377

1691 kaeus the Conjurer (level 9, -5/45 HPs)
             Began as a Gargoyle Fire Elementalist on Jan 25, 2021.
             Was a Believer of Vehumet.
             Killed by divine providence
             ... invoked by an orc priest
              (13 damage)
             ... on level 7 of the Dungeon.
             The game lasted 00:08:23 (6442 turns).

kaeus the Conjurer (Gargoyle Fire Elementalist)     Turns: 6442, Time: 00:08:23

Health: -5/45      AC: 14    Str: 11    XL:     9   Next: 2%
Magic:  5/16       EV: 11    Int: 20    God:    Vehumet [**....]
Gold:   272        SH:  0    Dex: 10    Spells: 4/17 levels left

rFire    . . .     SeeInvis .   q - +2 dagger (distort)
rCold    . . .     Faith    .   (no shield)
rNeg     + . .     Spirit   .   r - +3 leather armour
rPois    ∞         Reflect  .   n - +0 helmet
rElec    +         Harm     .   (no cloak)
rCorr    .         Rampage  .   (no gloves)
Will     .....                  k - +0 pair of boots
Stlth    ++........             (no amulet)
HPRegen  0.15/turn              (no ring)
MPRegen  0.15/turn              a - ring of flight

@: no status effects
A: negative energy resistance 1, electricity resistance, unbreathing,
petrification resistance, miasma immunity, AC +6
a: Renounce Religion, Evoke Flight


You were on level 7 of the Dungeon.
You worshipped Vehumet.
Vehumet was pleased with you.
You visited 1 branch of the dungeon, and saw 6 of its levels.

You collected 272 gold pieces.

Inventory:

Hand Weapons
 j - a +1 falchion of flaming
 q - a +2 dagger of distortion (weapon)
Armour
 k - a +0 pair of boots (worn)
 n - a +0 helmet (worn)
 r - a +3 leather armour (worn)
Magical Staves
 u - an uncursed staff of death
Jewellery
 a - a ring of flight (right hand)
Wands
 x - a wand of random effects (11)
Scrolls
 d - 6 scrolls of teleportation
 e - a scroll of remove curse
 f - a scroll of fear
 g - 7 scrolls of identify
 l - 2 scrolls of noise {unknown}
 s - a scroll of blinking {unknown}
 t - a scroll of fog {unknown}
 v - a scroll of summoning {unknown}
 y - a scroll of immolation {unknown}
Potions
 b - 3 potions of brilliance {unknown}
 c - 2 potions of curing
 h - a potion of lignification {unknown}
 i - a potion of might {unknown}
 m - a potion of flight {unknown}
 o - a potion of ambrosia {unknown}
 p - a potion of mutation {unknown}
 w - a potion of cancellation {unknown}


   Skills:
 - Level 1.5 Dodging
 - Level 2.1 Stealth
 + Level 4.9 Spellcasting
 * Level 7.7 Conjurations
 * Level 7.7 Fire Magic


You had 4 spell levels left.
You knew the following spells:

 Your Spells              Type           Power        Failure   Level
a - Foxfire               Conj/Fire      100%         1%          1
b - Conjure Flame         Conj/Fire      35%          1%          3
c - Sticky Flame          Conj/Fire      35%          6%          4
d - Fireball              Conj/Fire      17%          19%         5

Your spell library contained the following spells:

 Spells                   Type           Power        Failure   Level
 Searing Ray              Conj           72%          1%          2
 Dazzling Flash           Conj/Hex       40%          10%         3
 Inner Flame              Hex/Fire       20%          10%         3
 Corona                   Hex            4%           16%         1
 Ensorcelled Hibernation  Hex/Ice        8%           24%         2
 Confusing Touch          Hex            4%           43%         3
 Tukima's Dance           Hex            4%           43%         3


Dungeon Overview and Level Annotations

Branches:
Dungeon (7/15)
 Temple: D:4-7

Altars:
Elyvilon
Hepliaklqana
Kikubaaqudgha
Makhleb
Nemelex Xobeh
Qazlal
Trog
Uskayaw
Vehumet
Xom
Zin

Shops:
D:6 }


Innate Abilities, Weirdness & Mutations

You are resistant to torment.
Your stone body is resilient. (AC +6)
You are immune to poison.
You resist negative energy. (rN+)
You are resistant to electric shocks. (rElec)
You can survive without breathing.
You are immune to petrification.
You are immune to miasma.


Message History

An orc priest comes into view. It is wielding a +0 halberd.
You hit the orc priest but do no damage.
The orc priest is devoured by a tear in reality.
The orc priest hits you with a +0 war axe!
* * * LOW HITPOINT WARNING * * *
There is an open door here.
You take 8 damage, and have 7/45 hp.
You hit the orc priest.
Space bends around the orc priest.
The orc priest is moderately wounded.
Casting: Foxfire (safe; 1% risk of failure)
Confirm with . or Enter, or press ? or * to list all spells.
There's already a cloud here!
The orc priest miscasts a cantrip.
The orc priest hits you but does no damage.
You hit the orc priest but do no damage.
The orc priest is moderately wounded.
The orc priest blinks!
The orc priest mumbles some strange prayers to Beogh against you.
Beogh smites you!
You die...

.......<#........
####....'........ .
#....#........
..####+#........
................
................ #####
........##########....#
........#.......§.....#
........'......@#.....#
........#.......##....#
..#######.....o.# )..)#
.. ######### .......
....... ....... .......
....##.


You could see an orc priest.

Vanquished Creatures
  Maggie (D:7)
  2 orc warriors
  An ogre (D:6)
  An ice beast (D:7)
  5 bullfrogs
  A scorpion (D:6)
  A water moccasin skeleton (D:6)
  3 wights (D:5)
  A howler monkey (D:5)
  5 orc priests
  A bullfrog skeleton (D:6)
  An orc wizard (D:5)
  2 worker ants (D:6)
  Terence (D:2)
  A howler monkey zombie (D:6)
  A worker ant zombie (D:6)
  Robin (D:2)
  6 adders
  An ufetubus (D:5)
  2 oozes
  An adder zombie (D:6)
  An adder skeleton (D:6)
  A worm (D:2)
  A dart slug (D:3)
  3 leopard geckos
  15 orcs
  2 ball pythons
  5 bats
  A giant cockroach (D:5)
  8 goblins
  10 hobgoblins
  3 jackals (D:3)
  5 kobolds
  4 quokkas
  5 frilled lizards
  9 rats
112 creatures vanquished.

Vanquished Creatures (collateral kills)
  6 foxfires (D:6)
6 creatures vanquished.

Vanquished Creatures (others)
  382 foxfires
  A withered plant (D:6)
383 creatures vanquished.

Grand Total: 501 creatures vanquished

Notes
Turn   | Place    | Note
-------+----------+-------------------------------------------
     0 | D:1      | kaeus the Gargoyle Fire Elementalist began the quest for
                  | the Orb.
     0 | D:1      | Reached XP level 1. HP: 10/10 MP: 3/3
   796 | D:1      | Reached XP level 2. HP: 13/15 MP: 0/5
  1281 | D:2      | Reached XP level 3. HP: 14/19 MP: 6/6
  1521 | D:2      | Found a radiant altar of Vehumet.
  1923 | D:2      | Found a bloodstained altar of Trog.
  1923 | D:2      | Noticed Terence
  1937 | D:2      | Killed Terence
  1938 | D:2      | Reached XP level 4. HP: 11/24 MP: 1/7
  2112 | D:2      | Found a sparkling altar of Nemelex Xobeh.
  2465 | D:2      | Found a white marble altar of Elyvilon.
  2465 | D:2      | Found a shimmering altar of Xom.
  2467 | D:2      | Found a shimmering altar of Xom.
  2467 | D:2      | Found an ancient bone altar of Kikubaaqudgha.
  2467 | D:2      | Found a hazy altar of Hepliaklqana.
  2611 | D:2      | Became a worshipper of Vehumet
  2773 | D:2      | Noticed Robin
  2781 | D:2      | Killed Robin
  3122 | D:3      | Reached XP level 5. HP: 28/28 MP: 0/9
  3220 | D:3      | Reached * piety under Vehumet
  3220 | D:3      | Offered knowledge of Magic Dart by Vehumet.
  3420 | D:3      | Found a burning altar of Makhleb.
  3691 | D:3      | You fall into a shaft and drop 2 floors!
  3691 | D:5      | Entered Level 5 of the Dungeon
  3865 | D:5      | Learned a level 3 spell: Conjure Flame
  3870 | D:5      | Learned a level 4 spell: Sticky Flame
  4078 | D:5      | Found a bloodstained altar of Trog.
  4084 | D:5      | Reached XP level 6. HP: 32/32 MP: 6/10
  4444 | D:5      | Reached skill level 5 in Fire Magic
  4776 | D:5      | Reached XP level 7. HP: 36/36 MP: 7/12
  4850 | D:5      | Found a hazy altar of Hepliaklqana.
  4850 | D:5      | Found a hide-covered altar of Uskayaw.
  4851 | D:5      | Found a glowing silver altar of Zin.
  4944 | D:5      | Noticed a water elemental
  4945 | D:5      | Found a stormy altar of Qazlal.
  4946 | D:5      | Noticed a fire elemental
  4947 | D:5      | Noticed an air elemental
  5080 | D:6      | Found Icvuo's Gadget Shop.
  5154 | D:6      | Reached skill level 5 in Conjurations
  5218 | D:6      | Reached ** piety under Vehumet
  5218 | D:6      | Offered knowledge of Searing Ray by Vehumet.
  5241 | D:6      | Reached XP level 8. HP: 40/41 MP: 6/14
  5250 | D:6      | Learned a level 5 spell: Fireball
  6393 | D:7      | Noticed Maggie
  6411 | D:7      | Killed Maggie
  6428 | D:7      | Reached XP level 9. HP: 14/45 MP: 2/16
  6442 | D:7      | Killed from afar by an orc priest

Illustrated notes

Levels and vault maps discovered:
D:1:      giann_horns, layout_basic
D:2:      layout_loops_ring, lemuel_doored_altar, doesnt_xom_only_xom,
          trog_three_pillars_becter, uniq_terence, uniq_robin
D:3:      layout_rooms, nicolae_overflow_hidden_temple
D:5:      layout_gridville, nicolae_qazlal_style_of_elements, bloody_trog,
          gammafunk_temple_overflow_claw
D:6:      layout_loops_ring, serial_undead, serial_undead_d, serial_undead_b,
          serial_undead_b, serial_undead_c, serial_shops, shop
D:7:      layout_gridville, minmay_temple_entry_enclosed_plants, uniq_maggie

Skill      XL: |  1  2  3  4  5  6  7  8 |
---------------+-------------------------+-----
Conjurations   | 2 3 4 6 7 |  7.7
Fire Magic     | 4 5 6 7 |  7.7
Spellcasting   | 3 4 |  4.9
Dodging        | |  1.5
Stealth        | |  2.1

Action                   |  1- 3 |  4- 6 |  7- 9 || total
-------------------------+-------+-------+-------++-------
Melee: Club              |     9 |       |       ||     9
       Short sword       |    29 |       |       ||    29
       Falchion          |       |    21 |       ||    21
       Dagger            |       |    37 |    81 ||   118
 Cast: Foxfire           |    62 |   127 |    90 ||   279
  Use: Potion            |       |       |     4 ||     4
       Scroll            |       |       |     4 ||     4
 Stab: Sleeping          |     2 |       |       ||     2
Armor: Robe              |     9 |     6 |       ||    15
       Leather armour    |       |     8 |    38 ||    46
Dodge: Dodged            |    16 |    25 |    59 ||   100
       Rpst.: Falchion   |       |     8 |       ||     8
